 Dungeon Crawl Stone Soup version 0.28.0 (webtiles) character file.

Game seed: 3203068191452805008

5894 Dirian the Cleaver (level 10, -6/90 HPs)
             Began as a Hill Orc Wanderer on Feb 17, 2022.
             Was an Initiate of Nemelex Xobeh.
             Killed by divine providence
             ... invoked by an orc priest
              (13 damage)
             ... on level 8 of the Dungeon.
             The game lasted 00:13:11 (6566 turns).

Dirian the Cleaver (Hill Orc Wanderer)              Turns: 6566, Time: 00:13:11

Health: -6/90      AC: 14    Str: 19    XL:     10   Next: 82%
Magic:  20/20      EV: 10    Int: 11    God:    Nemelex Xobeh [......]
Gold:   262        SH:  5    Dex:  7    Spells: 10/11 levels left

rFire   . . .      SeeInvis .   s - +9 hand axe "Arutalol" {venom, *Rage rElec rPois Stlth+}
rCold   + + +      Faith    .   o - +0 buckler
rNeg    . . .      Spirit   .   x - +0 plate armour of Orthodoxy {Rampage rC+++ MP+9 Dex-5}
rPois   +          Reflect  .   (no helmet)
rElec   +          Harm     .   (no cloak)
rCorr   .          Rampage  +   (no gloves)
Will    .....      Rage     20% j - +0 pair of boots
Stlth   ..........              e - amulet of regeneration
HPRegen 1.05/turn               k - +4 ring of evasion
MPRegen 0.17/turn               (no ring)

@: marked, on berserk cooldown, slowed, very slow
A: no striking features
a: Renounce Religion, Convert to Beogh, Draw Escape, Draw Destruction, Draw
Summoning


You were on level 8 of the Dungeon.
You worshipped Nemelex Xobeh.
Nemelex Xobeh was noncommittal.
You visited 2 branches of the dungeon, and saw 9 of its levels.

You collected 374 gold pieces.
You spent 112 gold pieces at shops.

Inventory:

Hand Weapons
 g - a +1 hand axe
 s - the +9 hand axe "Arutalol" (weapon) {venom, *Rage rElec rPois Stlth+}
   (You found it on level 3 of the Dungeon)

   It poisons the flesh of those it strikes.
   rElec:     It insulates you from electricity.
   rPois:     It protects you from poison.
   *Rage:     It berserks you when you make melee attacks (+20% chance).
   Stlth:     It makes you more stealthy.
Missiles
 b - 8 boomerangs (quivered)
Armour
 c - a +0 plate armour
 j - a +0 pair of boots (worn)
 o - a +0 buckler (worn)
 x - the +0 plate armour of Orthodoxy (worn) {Rampage rC+++ MP+9 Dex-5}
   (You found it on level 6 of the Dungeon)

   Dex:       It affects your dexterity (-5).
   rC:        It renders you almost immune to cold.
   MP:        It affects your magic capacity (+9).
   Rampage:   It bestows one free step when moving towards enemies.
Jewellery
 e - an amulet of regeneration (around neck)
 k - a +4 ring of evasion (left hand)
 B - the ring of Rietokat {Wiz Dex+3}
   (You found it on level 8 of the Dungeon)

   [ring of wizardry]

   It improves your spell success rate.
   Dex:       It affects your dexterity (+3).
Wands
 u - a wand of flame (11)
 v - a wand of digging (3)
 y - a wand of acid (8)
Scrolls
 a - 2 scrolls of enchant armour
 d - 2 scrolls of fog
 i - 3 scrolls of magic mapping
 r - a scroll of identify
 t - a scroll of teleportation
 A - a scroll of torment {unknown}
Potions
 f - 2 potions of cancellation
 h - a potion of mutation
 l - a potion of attraction {unknown}
 m - a potion of flight {unknown}
 n - a potion of ambrosia {unknown}
 p - 3 potions of haste {unknown}
 q - 9 potions of curing
 w - a potion of heal wounds


   Skills:
 + Level 8.6 Fighting
 * Level 13.1 Axes
 - Level 1.7 Throwing
 + Level 7.9 Armour
 - Level 2.4 Dodging
 + Level 7.4 Shields
 - Level 1.0 Spellcasting
 - Level 1.0 Poison Magic
 - Level 1.0 Evocations


You had 10 spell levels left.
You knew the following spells:

 Your Spells              Type           Power      Damage    Failure   Level
a - Sting                 Tmut/Pois      4%         1d3       100%        1

Your spell library contained the following spells:

 Spells                   Type           Power      Damage    Failure   Level
 Foxfire                  Conj/Fire      0%         2x1d4     100%        1
 Shock                    Conj/Air       0%         1d3       100%        1
 Conjure Flame            Conj/Fire      0%         6-21      100%        3
 Ignite Poison            Fire/Tmut/Pois 1%         N/A       100%        3
 Inner Flame              Hex/Fire       0%         N/A       100%        3
 Spider Form              Tmut/Pois      1%         N/A       100%        3
 Flame Wave               Conj/Fire      0%         2d4       100%        4
 Olgreb's Toxic Radiance  Pois           2%         N/A       100%        4
 Lee's Rapid Deconstruct  Erth           0%         3d5*      100%        5


Dungeon Overview and Level Annotations

Branches:
Dungeon (8/15)             Temple (1/1) D:7
   Lair: D:8-11

Altars:
Ashenzari
Cheibriados
Dithmenos
Elyvilon
Fedhas
Gozag
Hepliaklqana
Kikubaaqudgha
Makhleb
Nemelex Xobeh
Qazlal
Ru
Sif Muna
Trog
Uskayaw
Vehumet
Wu Jian
Xom
Yredelemnul
Zin
The Shining One

Shops:
D:4 !?=:(


Message History

The yak gores you. The yak gores you but does no damage. The yak gores you!
You hit the yak.
The yak looks as sick as possible!
The yak is heavily wounded.
You slash the orc!
You kill the orc!
The orc priest shouts, "Join the one true god or die!"
The orc priest threatens, "By the altar or by the axe, you will meet Beogh!"
You slash the yak!
The yak looks as sick as possible!
You hit the yak but do no damage.
The yak looks as sick as possible!
The yak gores you but does no damage. The yak gores you!
The yak closely misses you.
You barely miss the yak.
The yak is heavily wounded.
You slash the yak! You closely miss the yak. You slash the orc priest!
The orc priest is poisoned.
The yak gores you.
* * * LOW HITPOINT WARNING * * *
The yak barely misses you. You block the yak's attack.
The orc priest calls down the wrath of Beogh upon you.
Beogh smites you!
* * * LOW HITPOINT WARNING * * *
The orc priest hits you but does no damage.
The yak closely misses you.
You hit the yak.
The yak looks as sick as possible!
The yak is heavily wounded.
You completely miss the yak. You hit the yak.
The yak looks as sick as possible!
You hit the orc priest. The yak gores you but does no damage.
The yak gores you.
* * * LOW HITPOINT WARNING * * *
The orc priest mumbles some strange prayers to Beogh against you.
Beogh smites you!
* * * LOW HITPOINT WARNING * * *
The orc priest closely misses you.
Blink to where?
Press: ? - help, Dir - move target
As you read the scroll of blinking, it crumbles to dust.
You kill the yak!
The orc priest calls down the wrath of Beogh upon you.
Beogh smites you!
You die...
Your body disappears without a glow.

##########.....#.#
#.# #...
#.#...#.####.####...
#.#.....†...........
#.#.#.#.####..####..
#.#.#.#.# #........>
#.#.#.#.# #.#..###..
#.....#.# #.#.......
#.#.###.###.#..#####
#@# #.............
#.#######.#..#####
#o....# #.#..#####
#..Y.Y###.#.......
#.†o.oY){o........
#.)).)###.#.#..###
......#######.#.##.##
......' .........#
......# ##.#.###.##


You could see a yak (extremely poisoned), an orc priest (very poisoned) and an
orc.

Vanquished Creatures
  Harold (D:8)
  Pikel (D:5)
  Prince Ribbit (D:8)
  A shadow (D:7)
  A yak (D:8)
  Eustachio (D:6)
  Grum (D:8)
  A steam dragon (D:5)
  Edmund (D:6)
  3 water moccasins (D:6)
  A black bear (D:5)
  An ice beast (D:6)
  A necrophage (D:6)
  2 ogres
  4 wolves (D:8)
  2 centaurs
  A kobold brigand (D:8)
  4 bullfrogs (D:7)
  4 scorpions
  A water moccasin zombie (D:6)
  2 water moccasin skeletons (D:5)
  8 killer bees (D:8)
  8 wights
  2 centaur zombies
  A centaur skeleton (D:5)
  3 hounds
  A jelly (D:5)
  A bullfrog skeleton (D:4)
  4 orc priests
  A gnoll shaman (D:6)
  4 iguanas
  7 orc wizards
  A killer bee zombie (D:4)
  7 gnolls (D:6)
  A howler monkey skeleton (D:7)
  4 adders
  An ufetubus (D:5)
  An adder zombie (D:5)
  2 worms (D:2)
  A dart slug (D:1)
  21 orcs
  3 bats
  6 endoplasms
  A giant cockroach (D:2)
  4 hobgoblins
  5 jackals
  3 quokkas
  6 ball pythons
  10 goblins
  9 kobolds
  5 rats
166 creatures vanquished.

Vanquished Creatures (others)
  A fungus (D:1)
1 creature vanquished.

Grand Total: 167 creatures vanquished

Notes
Turn   | Place    | Note
-------+----------+-------------------------------------------
     0 | D:1      | Dirian the Hill Orc Wanderer began the quest for the Orb.
     0 | D:1      | Dirian set off with the following items: a +0 dagger, 6
                  | boomerangs, a +2 leather armour; and the following spell
                  | memorised: Sting; and the following spells available to
                  | memorise: Spider Form
     0 | D:1      | Reached XP level 1. HP: 16/16 MP: 2/2
   317 | D:1      | Reached skill level 1 in Axes
   646 | D:1      | Reached XP level 2. HP: 23/23 MP: 3/3
   799 | D:1      | Found a faded altar of an unknown god.
   804 | D:1      | Got Plato's Collected Works on Flight
   954 | D:1      | Reached skill level 2 in Axes
  1310 | D:1      | Reached XP level 3. HP: 29/29 MP: 4/4
  1583 | D:2      | Reached skill level 3 in Axes
  1583 | D:2      | Reached XP level 4. HP: 33/37 MP: 5/5
  1613 | D:2      | You fall into a shaft and drop 1 floor!
  2452 | D:3      | Identified the +9 hand axe "Arutalol" {venom, *Rage rElec
                  | rPois Stlth+}
  2849 | D:4      | Found Naat's Jewellery Boutique.
  2909 | D:4      | Reached skill level 4 in Axes
  2909 | D:4      | Reached XP level 5. HP: 44/44 MP: 6/6
  2971 | D:4      | Found Coth's Book Shoppe.
  3039 | D:4      | Found Kelel's Weapon Boutique.
  3046 | D:4      | Reached skill level 1 in Shields
  3249 | D:4      | Found Dahal's Magic Scroll Boutique.
  3301 | D:4      | Found Goeggoc's Distillery.
  3309 | D:4      | Bought a potion of curing for 42 gold pieces
  3309 | D:4      | Bought a potion of heal wounds for 70 gold pieces
  3455 | D:5      | Entered Level 5 of the Dungeon
  3470 | D:5      | Noticed a lemure
  3470 | D:5      | Noticed Pikel
  3470 | D:5      | Noticed a lemure
  3472 | D:5      | Noticed a lemure
  3473 | D:5      | Noticed a lemure
  3479 | D:5      | Killed Pikel
  3480 | D:5      | Reached skill level 6 in Axes
  3480 | D:5      | Reached XP level 6. HP: 53/53 MP: 7/7
  3480 | D:5      | Reached XP level 7. HP: 60/60 MP: 8/8
  3497 | D:5      | Noticed a steam dragon
  3505 | D:5      | Killed a steam dragon
  3506 | D:5      | Reached skill level 7 in Axes
  3572 | D:5      | Reached XP level 8. HP: 67/67 MP: 9/9
  3661 | D:5      | Reached skill level 5 in Fighting
  3698 | D:5      | Found a glowing silver altar of Zin.
  3713 | D:5      | Reached skill level 8 in Axes
  3828 | D:5      | Reached skill level 5 in Armour
  3992 | D:6      | Reached skill level 9 in Axes
  3992 | D:6      | Reached skill level 5 in Shields
  3992 | D:6      | Reached XP level 9. HP: 69/75 MP: 10/10
  4018 | D:6      | Noticed Edmund
  4023 | D:6      | Killed Edmund
  4043 | D:6      | Reached skill level 10 in Axes
  4188 | D:6      | Got the Disquisition on the Mountains and Poisoning
  4523 | D:6      | Found a broken altar of Ashenzari.
  4580 | D:6      | Noticed Eustachio
  4590 | D:6      | Killed Eustachio
  4782 | D:6      | Identified the +1 scale mail of Dosoure {rN+ MP+9 Dex-3}
  4814 | D:6      | Reached skill level 11 in Axes
  5032 | D:6      | Identified the +0 plate armour of Orthodoxy {Rampage rC+++
                  | MP+9 Dex-5}
  5335 | D:7      | Reached XP level 10. HP: 71/86 MP: 11/11
  5532 | D:7      | Found a staircase to the Ecumenical Temple.
  5553 | D:7      | Found a shadowy altar of Dithmenos.
  5660 | Temple   | Entered the Ecumenical Temple
  5973 | Temple   | Became a worshipper of Nemelex Xobeh the Trickster
  6255 | D:8      | Identified the ring of Rietokat {Wiz Dex+3}
  6336 | D:8      | Reached skill level 12 in Axes
  6355 | D:8      | Noticed Prince Ribbit
  6363 | D:8      | Killed Prince Ribbit
  6411 | D:8      | Noticed Grum
  6424 | D:8      | Killed Grum
  6520 | D:8      | Noticed Harold
  6533 | D:8      | Killed Harold
  6559 | D:8      | Reached skill level 13 in Axes
  6564 | D:8      | HP: 3/90 [orc priest/divine providence (12)]
  6566 | D:8      | Killed from afar by an orc priest

Illustrated notes

Levels and vault maps discovered:
D:1:      wander_arrival_chamber, layout_loops_ring,
          shapermc_ecumenical_altar_rom_forum, minmay_stone_trees_small
D:2:      layout_basic, corexii_shack, hex_large, dk_noncrumbling_2
D:3:      minmay_spotlight, layout_basic
D:4:      layout_loops_ring, serial_shops,
          nicolae_shop_competitors_out_of_business, nicolae_stop_n_shop_2, shop,
          nicolae_square_shop, nicolae_shop_temple_entry_statues_fountains
D:5:      layout_rooms, zin_scriptorium, uniq_pikel
D:6:      layout_gridville, cheibrodos_ashenzari_chains, nicolae_benzene_ring,
          uniq_edmund, uniq_eustachio
D:7:      layout_loops_ring, mainiacjoe_overflow_brackets,
          minmay_temple_entry_hall
D:8:      layout_basic, uniq_grum, uniq_prince_ribbit1, uniq_harold
Temple:   dpeg_five_rooms_temple

Skill      XL: |  1  2  3  4  5  6  7  8  9 10 |
---------------+-------------------------------+-----
Axes           | 1 2 3 4 6 7 9 11 13 | 13.1
Fighting       | 2 4 6 7 8 |  8.6
Armour         | 2 4 5 6 7 |  7.9
Shields        | 2 3 5 6 7 |  7.4
Throwing       | |  1.7
Dodging        | |  2.4
Spellcasting   | |  1.0
Poison Magic   | |  1.0
Evocations     | |  1.0

Action                   |  1- 3 |  4- 6 |  7- 9 | 10-12 || total
-------------------------+-------+-------+-------+-------++-------
Melee: Dagger            |    13 |       |       |       ||    13
       Club              |    88 |       |       |       ||    88
       Punch             |     1 |     1 |       |       ||     2
       Hand axe          |       |   136 |   151 |   121 ||   408
 Cast: Sting             |     2 |       |       |       ||     2
Evoke: Wand              |       |       |     1 |       ||     1
  Use: Scroll            |     1 |     6 |     3 |     3 ||    13
 Stab: Sleeping          |     2 |       |       |       ||     2
Armor: Leather armour    |    37 |     2 |       |       ||    39
       Ring mail         |       |    24 |       |       ||    24
       Chain mail        |       |    21 |    73 |       ||    94
       Plate armour      |       |       |     4 |    59 ||    63
Dodge: Dodged            |    66 |    60 |    68 |    56 ||   250
Block: Buckler           |       |     7 |    25 |    25 ||    57
